 Dungeon Crawl Stone Soup version 0.24-a0-699-g5a66b1aa3b (webtiles) character file.

Game seed: 770887473634055428, levelgen mode: deterministic

14 Kairok the Cutter (level 2, 0/16 HPs)
             Began as a Vine Stalker Monk on Sept 29, 2019.
             Succumbed to an adder's poison
             ... on level 2 of the Dungeon.
             The game lasted 00:01:25 (839 turns).

Kairok the Cutter (Vine Stalker Monk)                Turns: 839, Time: 00:01:25

Health: 0/16       AC:  3    Str: 13    XL:     2   Next: 45%
Magic:  2/3        EV:  8    Int: 10    God:
Gold:   33         SH: 12    Dex: 16    Spells: 1/1 levels left

rFire    . . .     SeeInvis .   a - +0 short sword
rCold    . . .     Gourm    .   d - +2 large shield
rNeg     . . .     Faith    .   j - +0 leather armour
rPois    .         Spirit   +   (no helmet)
rElec    .         Reflect  .   (no cloak)
rCorr    +         Harm     .   (no gloves)
MR       .....                  (no boots)
Stlth    +++.......             (no amulet)
HPRegen  0.05/turn              f - ring of resist corrosion
MPRegen  0.08/turn              (no ring)

@: lethally poisoned (0 -> -7), very slightly contaminated, invisible
A: fangs 2, molten scales 1, thin skeletal structure 1, clumsy 1, deformed body,
magic shield, antimagic bite, no potion heal 3, rot immunity
a: no special abilities


You were on level 2 of the Dungeon.
You were not hungry.

You visited 1 branch of the dungeon, and saw 2 of its levels.

You collected 33 gold pieces.

Inventory:

Hand Weapons
 a - a +0 short sword (weapon)
Missiles
 n - 4 javelins (quivered)
Armour
 b - a +0 robe
 d - a +2 large shield (worn)
 j - a +0 leather armour (worn)
Jewellery
 f - a ring of resist corrosion (left hand)
Scrolls
 g - 2 scrolls of random uselessness {unknown}
 h - a scroll of enchant weapon {unknown}
 i - 3 scrolls of remove curse
 l - a scroll of identify {unknown}
 o - a scroll of amnesia {unknown}
Comestibles
 c - 4 rations


   Skills:
 + Level 2.9 Fighting
 + Level 3.0 Short Blades
 + Level 0.1 Armour
 + Level 2.5 Dodging
 + Level 2.5 Stealth
 + Level 0.2 Shields


You had one spell level left.
You didn't know any spells.
Your spell library was empty.

Dungeon Overview and Level Annotations

Branches:
Dungeon (2/15)

Altars:
Nemelex Xobeh


Innate Abilities, Weirdness & Mutations

You have extremely sharp teeth.
When hurt, damage is shared between your health and your magic reserves.
Your bite disrupts and absorbs the magic of your enemies.
Potions cannot restore your health.
You are immune to rotting.
You are partially covered in molten scales. (AC +2)
You have a somewhat thin skeletal structure. (Dex +2, Stealth)
You are clumsy. (Dex -2)
Armour fits poorly on your strangely shaped body.


Message History

It was a potion of mutation.
You feel extremely strange.
You feel clumsy.
Your body twists and deforms.
Molten scales grow over part of your body.
Your bones become slightly less dense.
* * * LOW HITPOINT WARNING * * *
You feel sick.
It was a potion of invisibility.
You fade into invisibility!
You are very lightly contaminated with residual magic.
It was a potion of heal wounds.
That seemed strangely inert.
* * * LOW HITPOINT WARNING * * *
You feel sick.
There is a lethal amount of poison in your body!
* * * LOW HITPOINT WARNING * * *
You feel sick.
An orc comes into view. It is wielding a +0 club.
You see here an adder corpse.
* * * LOW HITPOINT WARNING * * *
You feel sick.
You die...

##### ...# ...# ...
###.###..# #.....#..#
#########.....#.>#####
#.............†.......
#.#######......#.....o
#.# #.....## ..#[. #.#
###.##@# .# #.#
#.###....# #<# #.#
#...# #.# #.. ......
#.# ### ..... #.#
...#. #.# ..# #.# ..#
#.#


There were no monsters in sight!

Vanquished Creatures
  An adder (D:2)
  A goblin (D:1)
  A hobgoblin (D:1)
  A frilled lizard (D:1)
  3 rats (D:1)
7 creatures vanquished.

Notes
Turn   | Place    | Note
-------+----------+-------------------------------------------
     0 | D:1      | Kairok the Vine Stalker Monk began the quest for the Orb.
     0 | D:1      | Reached XP level 1. HP: 11/11 MP: 2/2
   427 | D:1      | Found a sparkling altar of Nemelex Xobeh.
   828 | D:2      | Reached skill level 3 in Short Blades
   828 | D:2      | Reached XP level 2. HP: 5/16 MP: 1/3
   829 | D:2      | Gained mutation: You are clumsy. (Dex -2) [potion of
                  | mutation]
   829 | D:2      | Gained mutation: Armour fits poorly on your strangely
                  | shaped body. [potion of mutation]
   829 | D:2      | Gained mutation: You are partially covered in molten
                  | scales. (AC +2) [potion of mutation]
   829 | D:2      | Gained mutation: You have a somewhat thin skeletal
                  | structure. (Dex +2, Stealth) [potion of mutation]
   839 | D:2      | Succumbed to an adder's poison

Levels and vault maps discovered:
D:1:      grunt_arrival_lava_bath, layout_rooms, nemelex_diamond_rough_becter
D:2:      lemuel_upstairs_altar, layout_loops_ring

Skill      XL: |  1 |
---------------+----+-----
Short Blades   | 3 |  3.0
Fighting       | |  2.9
Armour         | |  0.1
Dodging        | |  2.5
Stealth        | |  2.5
Shields        | |  0.2

Action                   || total
-------------------------++-------
Melee: Short sword       ||    27
       Bite              ||     5
  Use: Scroll            ||     1
       Potion            ||     3
 Stab: Sleeping          ||     1
Armor: Leather armour    ||     2
Dodge: Dodged            ||     6
Block: Large shield      ||    12

Table legend:
 A = Non-vault XP
 B = Vault XP
 C = Vault XP percentage of total XP
 D = Non-vault monster count
 E = Vault monster count
 F = Vault count percentage of total count
                 A         B        C        D         E       F
            +---------+---------+-------+---------+---------+-------
      Total |      21 |       0 |   0.0 |       7 |       0 |   0.0
            +---------+---------+-------+---------+---------+-------
        D:1 |       8 |       0 |   0.0 |       6 |       0 |   0.0
        D:2 |      13 |       0 |   0.0 |       1 |       0 |   0.0
            +---------+---------+-------+---------+---------+-------
